 Dungeon Crawl Stone Soup version 0.31-a0-4-gefa6de2278 (webtiles) character file.

Game seed: 4567431909128529010

32 Jackthecabe the Firebug (level 3, -3/31 HPs)
             Began as an Ogre Fire Elementalist on May 5, 2023.
             Slain by Terence
             ... wielding a +0 flail
              (10 damage)
             ... on level 2 of the Dungeon.
             The game lasted 00:04:14 (1348 turns).

Jackthecabe the Firebug (Ogre Fire Elementalist)    Turns: 1348, Time: 00:04:14

Health: -3/31      AC:  3    Str: 12    XL:     3   Next: 25%
Magic:  7/7        EV:  6    Int: 18    God:
Gold:   47         SH:  0    Dex:  9    Spells: 5/8 levels left

rFire   . . .        f - +0 mace
rCold   . . .        (no shield)
rNeg    . . .        a - +0 robe
rPois   .            (helmet restricted)
rElec   .            (no cloak)
rCorr   .            (gloves unavailable)
SInv    .            (boots unavailable)
Will    .....        (no amulet)
Stlth   +            (no ring)
HPRegen 0.25/turn    (no ring)
MPRegen 0.10/turn

%: no passive effects
@: grasped by roots, constricted
A: large, unfitting armour, tough skin 1
a: no special abilities


You were on level 2 of the Dungeon.
You visited 1 branch of the dungeon, and saw 3 of its levels.

You collected 47 gold pieces.


Innate Abilities, Weirdness & Mutations

You are too large for most types of armour.
You have tough skin. (AC +1)


   Skills:
 - Level 1.7 Dodging
 - Level 1.4 Stealth
 - Level 3.0 Spellcasting
 + Level 1.7 Conjurations
 + Level 3.2 Fire Magic


You had 5 spell levels left.
You knew the following spells:

 Your Spells              Type           Power      Damage    Failure   Level
f - Foxfire               Conj/Fire      44%        2x1d6     6%          1
X - Scorch                Fire           28%        2d6       7%          2

Your spell library contained the following spells:

 Spells                   Type           Power      Damage    Failure   Level
 Inner Flame              Hex/Fire       8%         N/A       26%         3
 Volatile Blastmotes      Fire/Tloc      16%        2d11      26%         3
 Dazzling Flash           Conj/Hex       10%        N/A       34%         3
 Flame Wave               Conj/Fire      11%        2d6       52%         4
 Agony                    Necr           2%         N/A       99%         5
 Silence                  Hex/Air        1%         N/A       99%         5

Inventory:

Hand Weapons
 d - a +0 short sword
 f - a +0 mace (weapon)
Missiles
 j - 3 poisoned darts
Armour
 a - a +0 robe (worn)
Magical Staves
 h - a staff of conjuration {!a}
 n - a staff of earth {!a}
Scrolls
 e - 7 scrolls of identify {unknown}
 g - a scroll of enchant armour {unknown}
 m - 3 scrolls of blinking {unknown}
Potions
 c - 2 potions of curing {@q1}
 i - a potion of degeneration {unknown}
 k - a potion of attraction {unknown}
 l - a potion of cancellation {unknown}

Dungeon Overview and Level Annotations

Branches:
Dungeon (3/15)

Altars:

Shops:
D:1 !

Annotations:
D:2 Terence

### #########.#
#.........#
#.#######@# #.#
#@# #.### #.#
#######...#####.#
#.............#.#
#.####........#.#
#.# #.......[#.#
#
#.####........#..
###
#.#.......#####.#
#..


You could see Terence.


Message History

The grasping roots release their grip on you.
You sock Terence!
Terence is heavily wounded.
Terence zaps a wand.
The roots erupt in riotous growth!
The grasping roots grab you!
Terence is unaffected.
The grasping roots constrict you.
You hit Terence.
Terence is severely wounded.
Terence hits you with a +0 flail.
* * * LOW HITPOINT WARNING * * *
The grasping roots constrict you.
* * * LOW HITPOINT WARNING * * *
Terence barely misses you. The grasping roots constrict you.
* * * LOW HITPOINT WARNING * * *
You hit Terence but do no damage.
Terence is severely wounded.
Terence is no longer more vulnerable to fire.
Terence hits you with a +0 flail.
* * * LOW HITPOINT WARNING * * *
The grasping roots constrict you.
* * * LOW HITPOINT WARNING * * *
Your magical contamination has completely faded away.
The grasping roots release their grip on you.
You feel better.
Terence zaps a wand.
The roots erupt in riotous growth!
The grasping roots grab you!
Terence is unaffected.
The grasping roots constrict you.
* * * LOW HITPOINT WARNING * * *
Unknown command.
Magic courses through your body. Terence hits you with a +0 flail!
You die...

Skill      XL: |  1  2 |
---------------+-------+-----
Conjurations   | 1 |  1.7
Fire Magic     | 3 |  3.2
Spellcasting   | 3 |  3.0
Dodging        | |  1.7
Stealth        | |  1.4

Action                     || total
---------------------------++-------
  Melee: Mace              ||    15
   Cast: Foxfire           ||    27
         Scorch            ||    14
    Use: Potion            ||     3
 Armour: Robe              ||     4
  Dodge: Dodged            ||    13

Levels and vault maps discovered:
D:1:      dpeg_arrival_rooms_a, layout_basic, serial_shops,
          nicolae_shop_crystal, glass_columns_c
D:2:      cheibrodos_old_hovel, layout_basic, serial_shops, shop, basic_altar,
          nicolae_kite_square_tiling_tiny, minmay_tromino_v4_c, uniq_terence,
          uniq_jessica
D:3:      layout_loops_ring, uniq_crazy_yiuf_cottage, uniq_sigmund

Notes
Turn   | Place    | Note
-------+----------+-------------------------------------------
     0 | D:1      | Jackthecabe the Ogre Fire Elementalist began the quest for
                  | the Orb.
     0 | D:1      | Reached XP level 1. HP: 16/16 MP: 3/3
   109 | D:1      | Reached skill level 1 in Conjurations
   495 | D:1      | Reached XP level 2. HP: 24/24 MP: 2/5
   563 | D:1      | Found Yhotzejo's Distillery.
   746 | D:1      | Learned a level 2 spell: Scorch
   931 | D:2      | Reached skill level 3 in Fire Magic
  1024 | D:2      | You fall into a shaft and drop 1 floor!
  1046 | D:3      | Reached skill level 3 in Spellcasting
  1046 | D:3      | Reached XP level 3. HP: 11/31 MP: 0/7
  1337 | D:2      | Noticed Terence
  1348 | D:2      | Slain by Terence

Vanquished Creatures
  2 orcs (D:3)
  3 endoplasms
  2 giant cockroaches
  A goblin (D:2)
  4 hobgoblins
  3 jackals (D:3)
  2 kobolds
  4 ball pythons
  A bat (D:1)
  3 rats
25 creatures vanquished.

Vanquished Creatures (others)
  42 foxfires
42 creatures vanquished.

Grand Total: 67 creatures vanquished

Table legend: (Time is in decaauts)
 A = Elapsed time spent in this place.
 B = Non-inter-level travel time spent in this place.
 C = Inter-level travel time spent in this place.
 D = Time resting spent in this place.
 E = Time spent auto-exploring this place.
 F = Levels seen in this place.
 G = Mean time per level.
                   A        B        C        D        E       F      G
               +--------+--------+--------+--------+--------+-----+--------+
         Total |   1352 |   1318 |     34 |     60 |   1022 |   3 |  450.7 |
       Dungeon |   1352 |   1318 |     34 |     60 |   1022 |   3 |  450.7 |
               +--------+--------+--------+--------+--------+-----+--------+

Top non-repeatable levels by time:
     D:1: 773 daAuts
     D:2: 367 daAuts
     D:3: 212 daAuts

Table legend:
 A = Non-vault XP
 B = Vault XP
 C = Vault XP percentage of total XP
 D = Non-vault monster count
 E = Vault monster count
 F = Vault count percentage of total count
                 A         B        C        D         E       F
            +---------+---------+-------+---------+---------+-------
      Total |      44 |       2 |   4.3 |      24 |       1 |   4.0
            +---------+---------+-------+---------+---------+-------
        D:1 |      10 |       0 |   0.0 |       6 |       0 |   0.0
        D:2 |      14 |       2 |  12.5 |       8 |       1 |  11.1
        D:3 |      20 |       0 |   0.0 |      10 |       0 |   0.0
            +---------+---------+-------+---------+---------+-------
